 Dungeon Crawl Stone Soup version 0.28.0-43-g3370ac3207 (webtiles) character file.

Game seed: 603984129486997198

39 Orthodox the Chopper (level 3, -4/33 HPs)
             Began as a Minotaur Gladiator on Mar 7, 2022.
             Slain by a scorpion (6 damage)
             ... on level 2 of the Dungeon.
             The game lasted 00:01:49 (1138 turns).

Orthodox the Chopper (Minotaur Gladiator)           Turns: 1138, Time: 00:01:50

Health: -4/33      AC:  3    Str: 18 (20) XL:     3   Next: 28%
Magic:  2/2        EV: 12    Int:  3 (5)  God:
Gold:   70         SH:  0    Dex:  9 (11) Spells: 2/2 levels left

rFire   . . .      SeeInvis .   a - +0 war axe
rCold   . . .      Faith    .   (no shield)
rNeg    . . .      Spirit   .   b - +0 leather armour
rPois   .          Reflect  .   c - +0 hat
rElec   .          Harm     .   (no cloak)
rCorr   .          Rampage  .   (no gloves)
Will    .....                   (no boots)
Stlth   +.........              (no amulet)
HPRegen 0.11/turn               (no ring)
MPRegen 0.08/turn               (no ring)

@: lethally poisoned (-4 -> -11), hasted, very quick
A: horns 2, retaliatory headbutt
a: no special abilities


You were on level 2 of the Dungeon.
You visited 1 branch of the dungeon, and saw 2 of its levels.

You collected 70 gold pieces.

Inventory:

Hand Weapons
 a - a +0 war axe (weapon)
Armour
 b - a +0 leather armour (worn)
 c - a +0 hat (worn)
Scrolls
 f - a scroll of immolation {unknown}
 h - 2 scrolls of identify {unknown}
 i - a scroll of enchant armour {unknown}
 j - a scroll of fear {unknown}


   Skills:
 + Level 3.6 Fighting
 + Level 4.5 Axes
 - Level 2.0 Throwing
 - Level 3.2 Dodging


You had 2 spell levels left.
You didn't know any spells.
Your spell library was empty.

Dungeon Overview and Level Annotations

Branches:
Dungeon (2/15)

Altars:


Innate Abilities, Weirdness & Mutations

You have a pair of horns on your head.
You reflexively headbutt those who attack you in melee.


Message History

The throwing net {!f} closely misses the scorpion.
The scorpion barely misses you.
You closely miss the scorpion. Your headbutt misses the scorpion.
The scorpion stings you.
You are poisoned.
The scorpion poisons you! The scorpion barely misses you.
You furiously retaliate!
You headbutt the scorpion.
You take 3 damage, and have 21/33 hp.
It was a potion of degeneration.
There was something very wrong with that liquid.
You feel weakened.
You feel dopey.
You feel clumsy.
You feel very sick. The scorpion closely misses you.
You take 3 damage, and have 18/33 hp.
It was a potion of haste.
You feel yourself speed up.
You feel sick. The scorpion barely misses you. You furiously retaliate!
You headbutt the scorpion.
You take 2 damage, and have 16/33 hp.
You closely miss the scorpion.
The scorpion is moderately wounded.
You feel sick.
The scorpion stings you but does no damage.
You take 1 damage, and have 15/33 hp.
You barely miss the scorpion.
The scorpion is moderately wounded.
You feel sick. The scorpion stings you.
You are more poisoned.
The scorpion poisons you!
You take 2 damage, and have 13/33 hp.
You hit the scorpion.
The scorpion is moderately wounded.
You feel very sick. The scorpion closely misses you.
You take 3 damage, and have 10/33 hp.
You barely miss the scorpion.
The scorpion is moderately wounded.
* * * LOW HITPOINT WARNING * * *
You feel sick. The scorpion stings you.
* * * LOW HITPOINT WARNING * * *
The scorpion stings you.
You die...

#.#.#.#.#.#.#)....†#
#..#.#.#.#.#(#####...#
#.#.#.#.#.#.#.# ##..
#..#.#.#.#.#.## #
#.#.#.#.#.#.#.#
#..#.#.#.#.#.##
.#.#.#.#.#.#.#
#.#s#.#.#.##
#@#.#.#.#.#
#.#.#.#.#.## ##
########


You could see a scorpion.

Vanquished Creatures
  An adder (D:2)
  3 dart slugs
  A bat skeleton (D:2)
  3 endoplasms (D:1)
  3 giant cockroaches
  3 goblins
  A hobgoblin (D:1)
  2 kobolds (D:1)
  2 ball pythons (D:1)
  2 bats (D:1)
  A frilled lizard (D:2)
  A rat (D:1)
23 creatures vanquished.

Vanquished Creatures (others)
  6 withered plants (D:2)
6 creatures vanquished.

Grand Total: 29 creatures vanquished

Notes
Turn   | Place    | Note
-------+----------+-------------------------------------------
     0 | D:1      | Orthodox the Minotaur Gladiator began the quest for the
                  | Orb.
     0 | D:1      | Reached XP level 1. HP: 18/18 MP: 0/0
    27 | D:1      | Reached skill level 4 in Axes
   222 | D:1      | Reached XP level 2. HP: 11/25 MP: 1/1
   580 | D:1      | Found a faded altar of an unknown god.
   815 | D:2      | Noticed a scorpion
   916 | D:2      | Reached XP level 3. HP: 31/31 MP: 2/2
  1138 | D:2      | Slain by a scorpion

Illustrated notes

Levels and vault maps discovered:
D:1:      dpeg_arrival_leaves_temple_mockup, layout_rooms,
          hellmonk_ecumenical_altar_slurped_away
D:2:      minmay_razor_zed, layout_rooms, serial_undead, serial_undead_c,
          serial_undead_b, serial_undead_b, serial_undead_d, minivault_23

Skill      XL: |  1  2 |
---------------+-------+-----
Axes           | 4 |  4.5
Fighting       | 3 |  3.6
Throwing       | |  2.0
Dodging        | |  3.2

Action                   || total
-------------------------++-------
Melee: War axe           ||    45
       Headbutt          ||     7
       Punch             ||     1
Throw: Throwing net      ||     3
  Use: Potion            ||     2
Armor: Leather armour    ||     8
Dodge: Dodged            ||    38
